 Dungeon Crawl Stone Soup version 0.28.0-47-ge53b351184 (webtiles) character file.

Game seed: 7083171397183754685

4950 hawla the Basher (level 10, -13/90 HPs)
             Began as a Minotaur Gladiator on May 4, 2022.
             Was an Initiate of Gozag.
             Mangled by a balrug
             ... wielding a +0 demon whip of venom
             ... created by the fury of Makhleb
              (14 damage)
             ... on level 9 of the Dungeon.
             The game lasted 00:15:26 (9819 turns).

hawla the Basher (Minotaur Gladiator)               Turns: 9819, Time: 00:15:28

Health: -13/90     AC: 19    Str: 25    XL:     10   Next: 28%
Magic:  9/9        EV: 13    Int:  8    God:    Gozag
Gold:   504        SH:  0    Dex: 12    Spells: 9/9 levels left

rFire   . . .      SeeInvis .   a - +1 flail
rCold   + . .      Faith    .   (no shield)
rNeg    + . .      Spirit   .   n - +0 plate armour
rPois   .          Reflect  .   h - +0 hat of Tenadd {+Blink rC+ Str+2 Int+3}
rElec   .          Harm     .   (no cloak)
rCorr   .          Rampage  .   k - +1 pair of gloves
Will    .....                   c - +2 pair of boots
Stlth   ..........              (no amulet)
HPRegen 0.25/turn               f - ring of positive energy
MPRegen 0.11/turn               B - +4 ring of evasion

@: brilliant, lethally poisoned (-13 -> -19), attractive
A: horns 2, retaliatory headbutt
a: Renounce Religion, Evoke Blink, Potion Petition, Call Merchant, Bribe Branch


You were on level 9 of the Dungeon.
You worshipped Gozag.
Gozag was pleased with you.
You visited 2 branches of the dungeon, and saw 10 of its levels.

You collected 660 gold pieces.
You paid 156 gold pieces to Gozag.

Inventory:

Hand Weapons
 a - a +1 flail (weapon)
Missiles
 d - 2 throwing nets (quivered)
 g - 5 atropa-tipped darts
 u - 4 javelins
 y - 14 poisoned darts
Armour
 c - a +2 pair of boots (worn)
 h - the +0 hat of Tenadd (worn) {+Blink rC+ Str+2 Int+3}
   (You found it on level 2 of the Dungeon)

   Str:       It affects your strength (+2).
   Int:       It affects your intelligence (+3).
   rC:        It protects you from cold.
   +Blink:    It lets you blink.
 k - a +1 pair of gloves (worn)
 n - a +0 plate armour (worn)
Jewellery
 f - a ring of positive energy (left hand)
 B - a +4 ring of evasion (right hand)
 C - an amulet of faith
 F - a +6 ring of strength
Wands
 m - a wand of mindburst (8)
 p - a wand of flame (20)
 A - a wand of paralysis (8)
 E - a wand of polymorph (10)
Scrolls
 l - a scroll of vulnerability
 o - a scroll of amnesia
 r - 2 scrolls of teleportation
 s - a scroll of holy word
 w - a scroll of immolation {unknown}
 D - a scroll of magic mapping {unknown}
Potions
 b - a potion of attraction
 e - a potion of brilliance
 i - a potion of magic
 j - 5 potions of curing {unknown}
 q - a potion of haste {unknown}
 t - 2 potions of ambrosia {unknown}
 v - a potion of might {unknown}
 x - a potion of degeneration {unknown}
 z - a potion of resistance {unknown}


   Skills:
 + Level 8.4 Fighting
 + Level 13.2 Maces & Flails
 + Level 2.2 Throwing
 + Level 9.0 Armour
 + Level 4.9 Dodging


You had 9 spell levels left.
You didn't know any spells.
Your spell library contained the following spells:

 Spells                   Type           Power      Damage    Failure   Level
 Ensorcelled Hibernation  Hex/Ice        0%         N/A       100%        2
 Passwall                 Tmut/Erth      0%         N/A       100%        2
 Call Canine Familiar     Summ           0%         N/A       100%        3
 Portal Projectile        Hex/Tloc       0%         N/A       100%        3
 Swiftness                Air            0%         N/A       100%        3
 Leda's Liquefaction      Hex/Erth       0%         N/A       100%        4
 Blade Hands              Tmut           0%         N/A       100%        5
 Excruciating Wounds      Necr           0%         N/A       100%        5


Dungeon Overview and Level Annotations

Branches:
Dungeon (9/15)             Temple (1/1) D:5
   Lair: D:8-11         Orc: D:9-12

Altars:
Ashenzari
Cheibriados
Dithmenos
Elyvilon
Fedhas
Gozag
Hepliaklqana
Kikubaaqudgha
Makhleb
Nemelex Xobeh
Qazlal
Ru
Sif Muna
Trog
Uskayaw
Wu Jian
Xom
Yredelemnul
Zin
The Shining One

Shops:
D:1 *   D:5 [   D:6 *   D:8 !


Innate Abilities, Weirdness & Mutations

You have a pair of horns on your head.
You reflexively headbutt those who attack you in melee.


Message History

Things that are here:
a +0 trident; a +0 scale mail; a +2 kite shield
Things that are here:
a +0 trident; a +0 scale mail; a +2 kite shield
Things that are here:
a +4 flail; a +0 club; a +0 whip
There is an open door here.
F - a +6 ring of strength You open the door.
There is an open door here.
Makhleb sends a minion to punish you.
A balrug comes into view.
It is wielding a +0 demon whip of venom.
A balrug is nearby!
A balrug is nearby!
A balrug is nearby!
You closely miss the balrug. The balrug gestures at you.
The sticky flame hits you but does no damage.
You are covered in liquid flames!
You are covered in liquid flames!
You are covered in liquid flames!
You are no longer on fire.
The balrug gestures at you.
The fireball explodes!
The fireball engulfs you!!
You hear a bellow! x3; You hear an angry hiss.
It was a potion of attraction.
You feel attractive to monsters.
You hit the balrug but do no damage. Your headbutt misses the balrug.
The balrug hits you with a +0 demon whip of venom!
You are engulfed in flames!
* * * LOW HITPOINT WARNING * * *
You are poisoned.
It was a potion of brilliance.
You feel clever all of a sudden.
You feel sick.
The balrug hits you with a +0 demon whip of venom!
* * * LOW HITPOINT WARNING * * *
You are engulfed in flames!
You die...
Your body crumbles into a pile of gold.

.##.#..######....#............###
....#.......#....#............'_#
....##'##...#....#............###
........#...#....##############
.#......#####........#
.#......#####........#
........#...#........#
....#####...#.##.....#
....#)).....#.##@#####
.##.')).....#.##2#
....#..######.##.#
....#####...'.##.#
............#.##.#
..#.........#.##.+
..#..⌠..#...#.##.#
............+.##.#
............#.##.#


You could see a balrug.

Vanquished Creatures
  A two-headed ogre (D:6)
  A hornet (D:8)
  A vampire (D:9)
  4 yaks (D:6)
  A wyvern (D:9)
  A steam dragon (D:7)
  Eustachio (D:6)
  3 ice beasts
  4 orc warriors
  A black bear (D:7)
  2 ogres
  A centaur (D:8)
  A kobold brigand (D:8)
  3 phantoms
  2 bullfrogs
  A gnoll sergeant (D:9)
  2 scorpions (D:5)
  A water moccasin zombie (D:6)
  A wyvern skeleton (D:7)
  11 wights
  A howler monkey (D:2)
  2 vampire bats (D:6)
  2 centaur zombies
  A centaur skeleton (D:5)
  5 hounds
  An orc priest (D:7)
  2 jellies
  A bullfrog skeleton (D:7)
  2 iguanas (D:6)
  3 orc wizards
  Robin (D:2)
  13 gnolls
  5 adders
  A white imp (D:6)
  2 ufetubi
  2 worms
  3 dart slugs
  26 orcs
  5 bat skeletons (D:6)
  2 bat zombies (D:6)
  4 endoplasms
  3 giant cockroaches
  10 goblins
  13 hobgoblins
  4 quokkas
  4 ball pythons
  4 bats
  A frilled lizard (D:1)
  9 kobolds
  7 rats
182 creatures vanquished.

Notes
Turn   | Place    | Note
-------+----------+-------------------------------------------
     0 | D:1      | hawla the Minotaur Gladiator began the quest for the Orb.
     0 | D:1      | Reached XP level 1. HP: 18/18 MP: 0/0
   306 | D:1      | Reached XP level 2. HP: 25/25 MP: 1/1
   324 | D:1      | Reached skill level 4 in Maces & Flails
   560 | D:1      | Found Gegiom's General Store.
   744 | D:1      | You fall into a shaft and drop 1 floor!
   897 | D:1      | Found a faded altar of an unknown god.
  1046 | D:2      | Noticed a howler monkey
  1059 | D:2      | Killed a howler monkey
  1060 | D:2      | Reached skill level 1 in Armour
  1060 | D:2      | Reached XP level 3. HP: 11/30 MP: 2/2
  1294 | D:2      | Reached XP level 4. HP: 37/37 MP: 3/3
  1577 | D:2      | Noticed Robin
  1591 | D:2      | Killed Robin
  1834 | D:2      | Reached skill level 5 in Maces & Flails
  1834 | D:2      | Reached XP level 5. HP: 43/45 MP: 4/4
  1900 | D:2      | Identified the +0 hat of Tenadd {+Blink rC+ Str+2 Int+3}
  3328 | D:4      | Noticed a phantom
  3343 | D:4      | Killed a phantom
  3344 | D:4      | Reached skill level 6 in Maces & Flails
  3544 | D:4      | Reached XP level 6. HP: 51/51 MP: 5/5
  4420 | D:5      | Entered Level 5 of the Dungeon
  4420 | D:5      | Found a staircase to the Ecumenical Temple.
  4429 | Temple   | Entered the Ecumenical Temple
  4879 | D:5      | Reached skill level 7 in Maces & Flails
  4879 | D:5      | Reached XP level 7. HP: 59/60 MP: 6/6
  5119 | D:5      | Found Ybipax's Antique Armour Shoppe.
  5313 | D:5      | Reached skill level 5 in Fighting
  5314 | D:5      | Reached skill level 5 in Armour
  5323 | D:5      | Reached skill level 8 in Maces & Flails
  5819 | D:6      | Reached XP level 8. HP: 69/69 MP: 7/7
  6022 | D:6      | Found Noijasarph's Assorted Antiques.
  6070 | D:6      | Reached skill level 9 in Maces & Flails
  6093 | D:6      | Reached skill level 10 in Maces & Flails
  6407 | D:6      | Found a shimmering altar of Xom.
  6408 | D:6      | Noticed a two-headed ogre
  6421 | D:6      | Killed a two-headed ogre
  6422 | D:6      | Reached skill level 11 in Maces & Flails
  6422 | D:6      | Reached XP level 9. HP: 36/78 MP: 8/8
  6874 | D:6      | Noticed Eustachio
  6883 | D:6      | Killed Eustachio
  7002 | D:6      | Found an ancient bone altar of Kikubaaqudgha.
  7178 | Temple   | Became a worshipper of Makhleb the Destroyer
  7662 | D:7      | Reached skill level 12 in Maces & Flails
  7844 | D:7      | Reached * piety under Makhleb
  8422 | D:8      | Found an opulent altar of Gozag.
  8470 | D:8      | Paralysed by a hornet for 2 turns
  8480 | D:8      | Reached XP level 10. HP: 39/88 MP: 9/9
  8834 | D:8      | Fell from the grace of Makhleb
  8834 | D:8      | Became a worshipper of Gozag Ym Sagoz the Greedy
  9242 | D:8      | Found Inwebul's Distillery.
  9489 | D:9      | Found a shimmering blue altar of Sif Muna.
  9516 | D:9      | Reached skill level 13 in Maces & Flails
  9813 | D:9      | Noticed a balrug
  9819 | D:9      | HP: 1/90 [balrug/+0 demon whip of venom[the fury of
                  | Makhleb] (14)]
  9819 | D:9      | Mangled by a balrug

Illustrated notes

Levels and vault maps discovered:
D:1:      dpeg_arrival_connections, layout_basic, serial_shops,
          nicolae_shop_behind_doors, hellmonk_ecumenical_altar_inner_sanctum
D:2:      layout_basic, uniq_robin
D:3:      layout_loops_ring
D:4:      layout_layer_cave, hangedman_glass_teeth
D:5:      layout_basic, minmay_temple_entry_wispy, serial_shops, shop,
          minmay_starry_boxes
D:6:      layout_cave_pools, kennysheep_vampire_church,
          mainiacjoe_overflow_small_starburst, serial_shops,
          nicolae_square_shop, nicolae_figureground_pulse, uniq_eustachio
D:7:      layout_loops_ring
D:8:      layout_basic, mainiacjoe_overflow_24_doors, serial_shops,
          nicolae_shop_stone, hangedman_abyss_or_decor_slice
D:9:      layout_stronghold, lemuel_blue_sif_altar, lair_entry_dummy,
          solitary_fountain, kennysheep_generic_room_4
Temple:   minmay_temple_bridge_d

Skill      XL: |  1  2  3  4  5  6  7  8  9 10 |
---------------+-------------------------------+-----
Maces & Flails | 4 5 6 7 8 11 12 13 | 13.2
Armour         | 1 2 3 5 7 8 9 |  9.0
Dodging        | 4 |  4.9
Fighting       | 3 4 5 6 8 |  8.4
Throwing       | |  2.2

Action                   |  1- 3 |  4- 6 |  7- 9 | 10-12 || total
-------------------------+-------+-------+-------+-------++-------
Melee: Flail             |    58 |   150 |   275 |    79 ||   562
       Headbutt          |     5 |    26 |    55 |    10 ||    96
       Punch             |       |     1 |     2 |     1 ||     4
Throw: Throwing net      |     1 |       |       |       ||     1
  Use: Scroll            |     2 |     3 |     6 |       ||    11
       Potion            |       |       |     1 |     2 ||     3
 Stab: Sleeping          |       |     2 |       |       ||     2
       Distracted        |       |     1 |       |       ||     1
Armor: Leather armour    |    11 |    10 |       |       ||    21
       Plate armour      |       |    78 |   214 |    42 ||   334
       Skin              |       |       |     3 |       ||     3
Dodge: Dodged            |    31 |    62 |   116 |    43 ||   252
